 Dungeon Crawl Stone Soup version 0.14-a0-3563-g07d0f32 (webtiles) character file.

5653 KaKa the Slicer (level 10, -2/54 HPs)
             Began as a Kobold Necromancer on Mar 28, 2014.
             Was an Elder of Kikubaaqudgha.
             Slain by a yak (7 damage)
             ... on Level 9 of the Dungeon on Mar 29, 2014.
             The game lasted 01:15:26 (11008 turns).

KaKa the Slicer (Kobold Necromancer)               Turns: 11008, Time: 01:15:27

HP  -2/54        AC  9     Str  7      XL: 10   Next: 88%
MP  36/36        EV 13     Int 16      God: Kikubaaqudgha [****..]
Gold 524         SH  0     Dex 17      Spells:  8 memorised,  5 levels left

rFire  . . .     SeeInvis .     a - +2 dagger (elec)
rCold  + . .     Clarity  +     z - +3 leather armour
rNeg   . . .     Conserve .     (no shield)
rPois  .         rCorr    .     (no helmet)
rElec  +         rRot     .     (no cloak)
SustAb . .       Spirit   .     i - +0 pair of gloves
rMut   .         Warding  .     D - +1 pair of boots of the Salamander {+Rage rElec}
Saprov + + .     Stasis   .     J - amulet of clarity
MR     .....                    B - ring of protection from cold
                                w - ring of magical power

@: not resistant to hostile enchantments, fairly stealthy
A: disease resistance, carnivore 3, saprovore 2
a: Receive Corpses, Renounce Religion, Evoke Berserk Rage


You were on level 9 of the Dungeon.
You worshipped Kikubaaqudgha.
Kikubaaqudgha was greatly pleased with you.
You were very full.

You visited 2 branches of the dungeon, and saw 11 of its levels.

You collected 524 gold pieces.

Inventory:

Hand weapons
 a - a +2,+2 dagger of electrocution (weapon)
 E - a +2,+4 dagger
 I - a +2,+3 bow
Missiles
 m - 5 tomahawks
 o - 8 poisoned needles
 p - 3 poisoned tomahawks (quivered)
Armour
 i - a +0 pair of gloves (worn)
 z - a +3 leather armour (worn)
 D - the +1 pair of boots of the Salamander (worn) {+Rage rElec}
   (You found it on level 9 of the Dungeon)

   It insulates you from electricity.
   It lets you go berserk.
Comestibles
 c - 4 meat rations
 g - a beef jerky
 v - a cheese
 F - 4 rotting chunks of centaur flesh
Scrolls
 j - a scroll of enchant weapon I {unknown}
 q - 4 scrolls of magic mapping
 r - 8 scrolls of identify
 s - a scroll of immolation {unknown}
 u - 5 scrolls of remove curse
 x - a scroll of fog
 y - 2 scrolls of teleportation
 G - a scroll of noise {unknown}
 H - 2 scrolls of enchant armour {unknown}
Jewellery
 d - an uncursed amulet of the gourmand
 w - a ring of magical power (left hand)
 B - a ring of protection from cold (right hand)
 J - an amulet of clarity (around neck)
Potions
 e - a potion of paralysis {unknown}
 f - a potion of resistance
 h - 4 potions of curing
 k - a potion of heal wounds
 l - a potion of might {unknown}
 t - a potion of haste {unknown}
 C - a potion of poison {unknown}
 L - a potion of restore abilities {unknown}
Books
 b - a book of Necromancy

   Spells                             Type                      Level
   *Pain                              Necromancy                   1
   *Animate Skeleton                  Necromancy                   1
   *Lethal Infusion                   Charms/Necromancy            2
   *Vampiric Draining                 Necromancy                   3
   *Regeneration                      Charms/Necromancy            3
   Animate Dead                       Necromancy                   4
   *Control Undead                    Necromancy                   4
 n - Kikubaaqudgha's Volume of Dark Arts
   (Kikubaaqudgha gifted it to you on level 3 of the Dungeon)

   Spells                             Type                      Level
   *Animate Skeleton                  Necromancy                   1
   Corpse Rot                         Necromancy                   2
   *Sublimation of Blood              Necromancy                   2
   *Regeneration                      Charms/Necromancy            3
   *Control Undead                    Necromancy                   4
 A - Kikubaaqudgha's Grimoire of Stolen Souls
   (Kikubaaqudgha gifted it to you on level 6 of the Dungeon)

   Spells                             Type                      Level
   Bolt of Draining                   Conjuration/Necromancy       5
   Agony                              Necromancy                   5
   *Dispel Undead                     Necromancy                   5
   Twisted Resurrection               Necromancy                   5
   Death Channel                      Necromancy                   6
Magical staves
 K - an uncursed staff of conjuration


   Skills:
 + Level 2.4 Fighting
 - Level 10.0 Short Blades
 + Level 3.6 Dodging
 - Level 2.6 Stealth
 + Level 8.6 Spellcasting
 - Level 10.0 Necromancy


You had 5 spell levels left.
You knew the following spells:

 Your Spells              Type           Power        Failure   Level  Hunger
a - Pain                  Necr           ####         1%          1    None
b - Animate Skeleton      Necr           N/A          1%          1    None
c - Lethal Infusion       Chrm/Necr      ###.......   1%          2    None
d - Vampiric Draining     Necr           #####.....   1%          3    ##.....
e - Sublimation of Blood  Necr           #####.....   1%          2    None
f - Regeneration          Chrm/Necr      ###.......   4%          3    ##.....
g - Control Undead        Necr           #####.....   1%          4    ###....
h - Dispel Undead         Necr           #####...     6%          5    #####..


Dungeon Overview and Level Annotations

Branches:
Dungeon (10/15)            Temple (1/1) D:6             Orc (0/4) D:9
   Lair: D:8-11

Altars:
Ashenzari
Cheibriados
Dithmenos
Elyvilon
Fedhas
Kikubaaqudgha
Makhleb
Nemelex Xobeh
Okawaru
Sif Muna
Trog
Vehumet
Xom
Yredelemnul
Zin
The Shining One

Shops:
D:9 [

Annotations:
D:2 Sigmund
D:5 DaftWullie's ghost, experienced KoBe


Innate Abilities, Weirdness & Mutations

You recuperate from illness quickly.
You are small and have problems with some larger weapons.
You are carnivorous and can eat meat at any time.
You can eat rotten meat.


Message History

You climb downwards. 6 yaks, a scorpion, 3 gnolls and 2 hill giants come into view.
The gnoll shouts!
The yak bellows!
The hill giant shouts!
The yak bellows!
The yak bellows! x2
Found 2 pears and a pair of boots.
There is a stone staircase leading up here.
The yak gores you! The yak closely misses you. The yak gores you.
The hill giant hits you with a giant club!
Ouch! That really hurt!
* * * LOW HITPOINT WARNING * * *
You climb upwards.
There is a stone staircase leading down here.
Read which item? (? for menu, Esc to quit)
Okay, then.
Read which item? (? for menu, Esc to quit)
As you read the scroll labeled KHIKKE CUASE, it crumbles to dust.
The scroll dissolves into smoke.
It was a scroll of fog.
The yak gores you but does no damage. The yak gores you!
You die...
Kikubaaqudgha rasps: "You have failed me!
Welcome... death!"

##.....................##
##...................##
##.................##
##...............##
##.............##
##...>.......##
##...§.....## ##.YY§§..##
##C@Y§.## #######


You could see a hill giant and 3 yaks.

Vanquished Creatures
  A troll (D:8)
  A deep elf mage (D:9)
  2 hippogriffs
  A hungry ghost (D:8)
  A necrophage (D:8)
  5 orc warriors
  3 sky beasts
  A water moccasin (D:8)
  4 ice beasts
  A black bear (D:8)
  A phantom (D:6)
  A centaur (D:9)
  2 ogres (D:8)
  4 giant frogs
  A gnoll sergeant (D:8)
  3 scorpions
  10 killer bees
  5 wights
  A goliath beetle (D:8)
  8 crimson imps
  An elf zombie (D:7)
  A centaur skeleton (D:7)
  A giant frog zombie (D:7)
  2 orc priests
  4 iguanas
  3 hounds
  6 orc wizards
  4 worker ants
  Jessica (D:6)
  A sky beast zombie (D:9)
  A worker ant zombie (D:7)
  10 gnolls
  14 adders
  An inept feature mimic (D:5)
  3 giant mites
  9 worms
  An iguana skeleton (D:5)
  An orc zombie (D:7)
  An adder skeleton (D:6)
  A giant eyeball (D:4)
  7 giant geckos
  An ooze (D:1)
  31 orcs
  6 giant cockroaches
  14 hobgoblins
  4 jackals
  5 quokkas
  3 ball pythons
  17 bats
  9 giant newts
  15 goblins
  9 kobolds
  A kobold zombie (D:7)
  20 rats
  2 butterflies (D:6)
266 creatures vanquished.

Vanquished Creatures (collateral kills)
  A centaur (D:7)
  4 wights (D:7)
  A crimson imp (D:9)
  A worker ant (D:7)
  2 hobgoblins
  A jackal (D:6)
  A ball python (D:4)
  A rat (D:6)
  2 butterflies (D:6)
14 creatures vanquished.

Vanquished Creatures (others)
  A deep elf mage (D:9)
  A water moccasin skeleton (D:8)
  A hippogriff skeleton (D:9)
  A centaur skeleton (D:9)
  A giant frog skeleton (D:8)
  A necrophage skeleton (D:8)
  A hound skeleton (D:6)
  An adder zombie (D:9)
  2 adder skeletons
  A giant newt skeleton (D:5)
  2 gnoll skeletons
  4 goblin skeletons
  2 hobgoblin skeletons
  5 jackal skeletons
  2 kobold skeletons
  8 orc skeletons
  A quokka skeleton (D:6)
  2 rat skeletons
37 creatures vanquished.

Grand Total: 317 creatures vanquished

Notes
Turn   | Place    | Note
--------------------------------------------------------------
     0 | D:1      | KaKa, the Kobold Necromancer, began the quest for the Orb.
     0 | D:1      | Reached XP level 1. HP: 10/10 MP: 3/3
   309 | D:1      | Reached XP level 2. HP: 3/15 MP: 1/4
   432 | D:1      | Learned a level 1 spell: Animate Skeleton
   435 | D:1      | Learned a level 2 spell: Lethal Infusion
   903 | D:1      | Reached XP level 3. HP: 12/19 MP: 0/6
  1103 | D:1      | Learned a level 3 spell: Vampiric Draining
  1460 | D:2      | Noticed Sigmund
  1470 | D:2      | Found a shattered altar of Ashenzari.
  1476 | D:2      | Reached XP level 4. HP: 16/24 MP: 0/9
  1635 | D:2      | Found a blossoming altar of Fedhas.
  1635 | D:2      | Found an ancient bone altar of Kikubaaqudgha.
  1728 | D:2      | Became a worshipper of Kikubaaqudgha
  2137 | D:2      | Reached skill level 5 in Necromancy
  2137 | D:2      | Reached XP level 5. HP: 19/28 MP: 2/11
  2774 | D:3      | HP: 1/28 [orc wizard/dagger (4)]
  3230 | D:3      | Acquired Kikubaaqudgha's first power
  3230 | D:3      | Received a gift from Kikubaaqudgha
  3233 | D:3      | Identified Kikubaaqudgha's Volume of Dark Arts (Kikubaaqudgha gifted it to you on level 3 of the Dungeon)
  3238 | D:3      | Learned a level 2 spell: Sublimation of Blood
  3303 | D:3      | Reached skill level 1 in Short Blades
  3303 | D:3      | Reached XP level 6. HP: 14/32 MP: 1/14
  3668 | D:3      | Learned a level 3 spell: Regeneration
  4076 | D:3      | Found a glowing silver altar of Zin.
  4425 | D:4      | Acquired Kikubaaqudgha's second power
  4789 | D:4      | Reached skill level 6 in Necromancy
  4850 | D:4      | Reached XP level 7. HP: 18/36 MP: 1/17
  5212 | D:5      | Entered Level 5 of the Dungeon
  5242 | D:5      | Found an iron altar of Okawaru.
  5364 | D:5      | Noticed DaftWullie's ghost (experienced KoBe)
  5470 | D:5      | Found a staircase to the Ecumenical Temple.
  5473 | D:5      | the staircase to the Ecumenical Temple was a mimic.
  5701 | D:5      | Found a deep blue altar of Sif Muna.
  5719 | D:5      | Reached skill level 5 in Spellcasting
  5890 | D:5      | Found a shimmering altar of Xom.
  6040 | D:6      | Reached XP level 8. HP: 39/41 MP: 17/20
  6316 | D:6      | Found a staircase to the Ecumenical Temple.
  6326 | Temple   | Entered the Ecumenical Temple
  6515 | D:6      | Reached skill level 5 in Short Blades
  6515 | D:6      | Reached skill level 7 in Necromancy
  6771 | D:6      | Noticed Jessica
  6780 | D:6      | Found a sparkling altar of Nemelex Xobeh.
  6786 | D:6      | Killed Jessica
  6786 | D:6      | Received a gift from Kikubaaqudgha
  6787 | D:6      | Identified Kikubaaqudgha's Grimoire of Stolen Souls (Kikubaaqudgha gifted it to you on level 6 of the Dungeon)
  7097 | D:7      | Found a flagged portal.
  7162 | D:6      | Learned a level 4 spell: Control Undead
  7172 | D:6      | HP: 2/41 [poisoned by a killer bee]
  7615 | D:7      | Reached XP level 9. HP: 28/45 MP: 18/22
  8144 | D:6      | Reached skill level 8 in Necromancy
  8272 | D:7      | Acquired Kikubaaqudgha's third power
  8910 | D:8      | Noticed a troll
  8920 | D:8      | Killed a troll
  8920 | D:8      | Reached skill level 9 in Necromancy
  8920 | D:8      | Reached XP level 10. HP: 27/50 MP: 14/25
  9737 | D:7      | Learned a level 5 spell: Dispel Undead
 10030 | D:8      | Found a shadowy altar of Dithmenos.
 10198 | D:8      | Reached skill level 10 in Short Blades
 10401 | D:9      | Found Quceusoe's Antique Armour Emporium.
 10435 | D:9      | Reached skill level 10 in Necromancy
 10437 | D:9      | Got a pair of warped boots
 10440 | D:9      | Identified the +1 pair of boots of the Salamander {+Rage rElec} (You found it on level 9 of the Dungeon)
 10516 | D:9      | Found a staircase to the Orcish Mines.
 10544 | D:9      | Reached skill level 1 in Fighting
 11005 | D:10     | Entered Level 10 of the Dungeon
 11005 | D:10     | Noticed a hill giant
 11005 | D:10     | Noticed a hill giant
 11008 | D:9      | Slain by a yak

Action                   |  1- 3 |  4- 6 |  7- 9 | 10-12 || total
-------------------------+-------+-------+-------+-------++-------
Melee: Short sword       |    10 |     3 |       |       ||    13
       Dagger            |       |    18 |   136 |    68 ||   222
Throw: Tomahawk          |       |     6 |       |       ||     6
 Cast: Pain              |    55 |   182 |   156 |   104 ||   497
       Animate Skeleton  |     2 |     7 |    29 |     9 ||    47
       Lethal Infusion   |     2 |       |       |       ||     2
       Vampiric Draining |     1 |    14 |    60 |    58 ||   133
       Sublimation of Bl |       |     2 |    24 |     6 ||    32
       Regeneration      |       |       |     8 |     7 ||    15
       Control Undead    |       |       |     8 |       ||     8
       Dispel Undead     |       |       |       |     1 ||     1
  Use: Scroll            |       |     5 |     1 |     2 ||     8
       Potion            |       |     1 |     2 |     3 ||     6
 Stab: Sleeping          |     1 |     4 |       |       ||     5
